 Dungeon Crawl Stone Soup version 0.21-a0-584-g185da8e (webtiles) character file.

67 rabbitfr the Digger (level 4, -3/24 HPs)
             Began as a Gargoyle Earth Elementalist on Dec 21, 2017.
             Slain by a gnoll
             ... wielding a +0 flail
              (10 damage)
             ... on level 2 of the Dungeon.
             The game lasted 00:04:52 (2043 turns).

rabbitfr the Digger (Gargoyle Earth Elementalist)   Turns: 2043, Time: 00:04:53

Health: -3/24      AC:  5    Str: 11    XL:     4   Next: 16%
Magic:  0/7        EV: 12    Int: 17    God:
Gold:   52         SH:  0    Dex: 10    Spells: 6/7 levels left

rFire    . . .     SeeInvis .   i - +0 mace
rCold    . . .     Gourm    .   (no shield)
rNeg     + . .     Faith    .   c - +0 robe
rPois    ∞         Spirit   .   (no helmet)
rElec    +         Reflect  .   (no cloak)
rCorr    .         Harm     .   (no gloves)
MR       .....                  (no boots)
Stlth    ++........             (no amulet)
HPRegen  0.08/turn              (no ring)
MPRegen  0.10/turn              (no ring)

@: no status effects
A: negative energy resistance 1, electricity resistance, unbreathing,
petrification resistance, rot immunity, AC +3
a: no special abilities


You were on level 2 of the Dungeon.
You were hungry.

You visited 1 branch of the dungeon, and saw 2 of its levels.

You collected 52 gold pieces.

Inventory:

Hand Weapons
 a - a +0 whip
 i - a +0 mace (weapon)
Missiles
 b - 49 stones (quivered)
Armour
 c - a +0 robe (worn)
Scrolls
 f - 2 scrolls of teleportation {unknown}
Potions
 g - a potion of might {unknown}
 h - a potion of curing {unknown}
 j - a potion of brilliance {unknown}
Books
 e - a book of Geomancy

   Spells                             Type                      Level
   a - Sandblast                      Earth                        1
   b - Passwall                       Transmutation/Earth          2
   c - Stone Arrow                    Conjuration/Earth            3
   d - Petrify                        Transmutation/Earth          4
   e - Lee's Rapid Deconstruction     Earth                        5
Comestibles
 d - 4 rations


   Skills:
 + Level 1.8 Maces & Flails
 - Level 1.5 Dodging
 - Level 2.2 Stealth
 - Level 2.0 Spellcasting
   Level 0.7 Transmutations
 * Level 5.2 Earth Magic


You had 6 spell levels left.
You knew the following spells:

 Your Spells              Type           Power        Failure   Level  Hunger
a - Sandblast             Erth           ###...       2%          1    #......


Dungeon Overview and Level Annotations

Branches:
Dungeon (2/15)

Altars:
Yredelemnul


Innate Abilities, Weirdness & Mutations

You are resistant to torment.
Your stone body is resilient. (AC +3)
You are immune to poison.
You resist negative energy. (rN+)
You are resistant to electric shocks. (rElec)
You can survive without breathing.
You are immune to petrification.
You are immune to rotting.


Message History

The gnoll is moderately wounded.
The gnoll hits you with a flail.
* * * LOW HITPOINT WARNING * * *
Casting: Sandblast
Confirm with . or Enter, or press ? or * to list all spells.
Aiming: Sandblast
Press: ? - help, Shift-Dir - straight line, f - gnoll
Aim: a gnoll, wielding a flail (moderately wounded)
The blast of sand hits the gnoll.
The gnoll is moderately wounded.
b - 49 stones The gnoll completely misses you.
Casting: Sandblast
Confirm with . or Enter, or press ? or * to list all spells.
You don't have enough magic to cast that spell.
Unknown command.
You hit the gnoll.
The gnoll is heavily wounded.
The gnoll hits you with a flail!
You die...

... #.> ###..###..#......
## ....##...#...$.### ..g
....##...#.......#
....#####.................
g..!........... ..........
........#.#######.......#
#..####.....g@....(....##.
#.....##.#######......s..
#####..#.# #.†###.#.#
.....#...# #..# .....#..##
#.)# .......#..# #..#
.......#..#### #..# #
.............#####..####...
..........<.....).÷........


You could see a gnoll.

Vanquished Creatures
  3 gnolls (D:2)
  An adder (D:2)
  2 giant cockroaches
  4 goblins
  2 hobgoblins (D:1)
  5 jackals (D:1)
  5 kobolds
  3 bats
  2 frilled lizards (D:1)
  3 rats
30 creatures vanquished.

Notes
Turn   | Place    | Note
-------+----------+-------------------------------------------
     0 | D:1      | rabbitfr the Gargoyle Earth Elementalist began the quest for the Orb.
     0 | D:1      | Reached XP level 1. HP: 10/10 MP: 3/3
   529 | D:1      | Reached skill level 4 in Earth Magic
   529 | D:1      | Reached XP level 2. HP: 13/15 MP: 5/5
   777 | D:1      | You fall through a shaft!
  1058 | D:1      | Reached skill level 1 in Maces & Flails
  1729 | D:2      | Found a basalt altar of Yredelemnul.
  1754 | D:2      | Reached XP level 3. HP: 19/19 MP: 6/6
  2034 | D:2      | Reached skill level 5 in Earth Magic
  2036 | D:2      | Reached XP level 4. HP: 12/24 MP: 2/7
  2043 | D:2      | Slain by a gnoll

Vault maps used:
D:1:      dpeg_arrival_oval, kennysheep_decorative_pillar, interstate_on_off,
          grunt_decor_cap, minmay_misc_feat_pillars
D:2:      overflow_temple_1_default, first_ration, uniq_sigmund

Skill      XL: |  1  2  3 |
---------------+----------+-----
Earth Magic    | 4 5 |  5.2
Maces & Flails | 1 |  1.8
Dodging        | |  1.5
Stealth        | |  2.2
Spellcasting   | |  2.0
Transmutations | |  0.7

Action                   |  1- 3 |  4- 6 || total
-------------------------+-------+-------++-------
Melee: Whip              |    90 |       ||    90
       Unarmed           |     5 |       ||     5
       Mace              |    44 |     3 ||    47
 Cast: Sandblast         |     6 |     4 ||    10
 Stab: Sleeping          |     1 |       ||     1
  Eat: Chunk             |     3 |       ||     3
Armor: Robe              |    52 |       ||    52
Dodge: Dodged            |   120 |     4 ||   124

Table legend:
 A = Spawn XP
 B = Non-spawn XP
 C = Spawn XP percentage of total XP
 D = Spawn monster count
 E = Non-spawn monster count
 F = Spawn count percentage of total count
 G = Total turns spent on level
                    A         B        C        D         E        F      G
               +---------+---------+-------+---------+---------+-------+---------
         Total |       0 |      96 |   0.0 |       0 |      30 |   0.0 |  2043
               +---------+---------+-------+---------+---------+-------+---------
           D:1 |       0 |      30 |   0.0 |       0 |      19 |   0.0 |  1725
           D:2 |       0 |      66 |   0.0 |       0 |      11 |   0.0 |   318
               +---------+---------+-------+---------+---------+-------+---------
